 Dungeon Crawl Stone Soup version 0.20.0-8-g6b59dc7 (webtiles) character file.

304 Gorglomux the Skirmisher (level 6, -7/36 HPs)
             Began as a Gargoyle Gladiator on May 30, 2017.
             Killed by divine providence
             ... invoked by an orc priest
              (14 damage)
             ... on level 3 of the Dungeon.
             The game lasted 00:02:31 (2642 turns).

Gorglomux the Skirmisher (Gargoyle Gladiator)       Turns: 2642, Time: 00:02:31

Health: -7/36      AC: 12    Str: 17    XL:     6   Next: 38%
Magic:  6/6        EV: 11    Int:  9    God:
Gold:   162        SH:  0    Dex: 13    Spells: 5/5 levels left

rFire    . . .     SeeInvis .   a - +0 quarterstaff
rCold    . . .     Gourm    .   (shield currently unavailable)
rNeg     + . .     Faith    .   R - +0 ring mail
rPois    ∞         Spirit   .   c - +0 helmet
rElec    +         Reflect  .   (no cloak)
rCorr    +         Harm     .   Q - +0 pair of gloves
MR       .....     Clarity  +   I - +0 pair of boots
Stlth    +.........             (no amulet)
Regen    0.2/turn               g - ring of resist corrosion
MPRegen  0.1/turn               (no ring)

@: no status effects
A: clarity, frail 1, negative energy resistance 1, electricity resistance,
unbreathing, petrification resistance, rot immunity, AC +4
a: no special abilities


You were on level 3 of the Dungeon.
You were not hungry.

You visited 1 branch of the dungeon, and saw 3 of its levels.

You collected 162 gold pieces.

Inventory:

Hand Weapons
 a - a +0 quarterstaff (weapon)
Missiles
 Z - 3 throwing nets (quivered)
Armour
 b - a +0 leather armour
 c - a +0 helmet (worn)
 I - a +0 pair of boots (worn)
 Q - a +0 pair of gloves (worn)
 R - a +0 ring mail (worn)
Jewellery
 g - a ring of resist corrosion (left hand)
Scrolls
 H - a scroll of blinking {unknown}
 J - 2 scrolls of teleportation {unknown}
 K - 2 scrolls of enchant armour {unknown}
 P - a scroll of amnesia {unknown}
 S - a scroll of immolation {unknown}
 U - 2 scrolls of remove curse {unknown}
 W - a scroll of fog {unknown}
 X - 7 scrolls of identify {unknown}
Potions
 G - a potion of might {unknown}
 L - a potion of flight {unknown}
 M - a potion of agility
 O - a potion of brilliance
 T - a potion of cancellation {unknown}
 V - 3 potions of curing {unknown}
Books
 N - a book of Minor Magic

   Spells                             Type                      Level
   a - Magic Dart                     Conjuration                  1
   b - Blink                          Translocation                2
   c - Call Imp                       Summoning                    2
   d - Slow                           Hexes                        2
   e - Conjure Flame                  Conjuration/Fire             3
   f - Mephitic Cloud                 Conjuration/Poison/Air       3
Comestibles
 f - 4 bread rations
 z - a meat ration
 F - 4 fruits


   Skills:
 + Level 5.4 Fighting
 + Level 5.2 Staves
 - Level 1.7 Throwing
 - Level 2.4 Dodging


You had 5 spell levels left.
You didn't know any spells.

Dungeon Overview and Level Annotations

Branches:
Dungeon (3/15)

Altars:
Qazlal


Innate Abilities, Weirdness & Mutations

You are resistant to torment.
Your stone body is resilient. (AC +4)
You are immune to poison.
You resist negative energy. (rN+)
You are resistant to electric shocks. (rElec)
You can survive without breathing.
You are immune to petrification.
You are immune to rotting.
You possess an exceptional clarity of mind.
You are frail. (-10% HP)


Message History

You are too injured to fight recklessly!
You are too injured to fight recklessly!
You are too injured to fight recklessly!
You are too injured to fight recklessly!
You are too injured to fight recklessly!
Unknown command.
There are monsters nearby!
You are too injured to fight recklessly!
You are too injured to fight recklessly!
You are too injured to fight recklessly!
You are too injured to fight recklessly!
You are too injured to fight recklessly!
Unknown command.
There are monsters nearby!
The orc priest looks encouraged for a moment.
The orc hits you but does no damage.
The orc wizard casts a cantrip, but nothing happens.
The orc priest invokes the aid of Beogh against you.
Beogh smites you!
You die...

#.....##.## ##.# #. ##.........#
#.# #.##.......##.# #.#
#.##.......##.# ##+# # #.
..##.......##.# ##... ## .#
###.###.)......<# ##.... .## #...
...# ##...#.######.....
..####...###.#####.#...####......
..+ ....o.o..o..@..(......'......
..# #...#o#.#####.#...####......
.## #..##.#.# #.##.## ##..... ##
#.......# #.#### ##.... #
#####.### #.# ##... #.# #.# ##'#
#.# #.# #.# #.# #.# #.# #######
#.# #.# ##.#


You could see 2 orc priests and an orc.

Vanquished Creatures
  The ghost of mike2R the Chiller, an amateur DEIE (D:3)
  An orc priest (D:3)
  An orc wizard (D:3)
  Jessica (D:2)
  2 adders (D:3)
  4 worms
  5 dart slugs
  5 leopard geckos
  3 orcs (D:3)
  7 bats
  A giant cockroach (D:1)
  9 hobgoblins
  6 jackals
  4 frilled lizards
  7 goblins
  6 kobolds
  11 rats
74 creatures vanquished.

Notes
Turn   | Place    | Note
-------+----------+-------------------------------------------
     0 | D:1      | Gorglomux the Gargoyle Gladiator began the quest for the Orb.
     0 | D:1      | Reached XP level 1. HP: 12/12 MP: 1/1
   116 | D:1      | Reached XP level 2. HP: 18/18 MP: 2/2
   620 | D:1      | Reached skill level 3 in Fighting
   644 | D:1      | Reached XP level 3. HP: 23/23 MP: 3/3
  1058 | D:2      | Noticed Jessica
  1061 | D:2      | Killed Jessica
  1061 | D:2      | Reached XP level 4. HP: 19/29 MP: 4/4
  1476 | D:3      | Noticed mike2R's ghost (amateur DEIE)
  1478 | D:3      | Noticed an ice beast
  1592 | D:3      | Killed mike2R's ghost
  1592 | D:3      | Reached XP level 5. HP: 15/34 MP: 5/5
  1909 | D:3      | Gained mutation: You are frail. (-10% HP) [potion of mutation]
  1909 | D:3      | Gained mutation: You possess an exceptional clarity of mind. [potion of mutation]
  1911 | D:3      | Reached XP level 6. HP: 31/36 MP: 6/6
  2392 | D:3      | Found a stormy altar of Qazlal.
  2642 | D:3      | Killed from afar by an orc priest

Skill      XL: |  1  2  3  4  5  6 |
---------------+-------------------+-----
Fighting       | 3 4 5 |  5.4
Staves         | 4 5 |  5.2
Throwing       | |  1.7
Dodging        | |  2.4

Action                   |  1- 3 |  4- 6 || total
-------------------------+-------+-------++-------
Melee: Quarterstaff      |    94 |   113 ||   207
  Use: Potion            |       |     4 ||     4
  Eat: Chunk             |     1 |     5 ||     6
Armor: Leather armour    |    22 |       ||    22
       Ring mail         |    22 |    67 ||    89
Dodge: Dodged            |    74 |    76 ||   150
